 Dungeon Crawl Stone Soup version 0.31-a0-1068-g5939ac1fb6 (webtiles) character file.

Game seed: 16670902068172440247

1768661 Flugkiller the Fencer (level 26, 204/204 HPs)
             Began as a Mummy Wanderer on Nov 23, 2023.
             Was a High Priest of Cheibriados.
             Escaped with the Orb
             ... and 3 runes on Nov 24, 2023!
             The game lasted 03:04:16 (61590 turns).

Flugkiller the Fencer (Mummy Wanderer)             Turns: 61590, Time: 03:04:16

Health: 204/204    AC: 29    Str: 23 (24) XL:     26   Next: 33%
Magic:  39/39      EV: 35    Int: 31      God:    Cheibriados [*****.]
Gold:   3585       SH: 27    Dex: 36      Spells: 16/49 levels left

rFire   + . .        a - +9 double sword (spect)
rCold   + + .        s - +4 tower shield {AC+3}
rNeg    + + +        S - +4 ring mail of Eternal Night {Fly rF++ Regen+ Str-3}
rPois   ∞            j - +2 helmet of the Prince of Darkness {+Inv rElec rPois}
rElec   +            E - +2 cloak
rCorr   +            Q - +1 pair of gloves of Jigsaw {rCorr Dex+4 SInv}
SInv    +            y - +3 pair of mountain boots {steadfast, rC+}
Will    ++++.        M - amulet of regeneration
Stlth   +            v - +5 ring of evasion
HPRegen 2.14/turn    J - ring "Duorgh" {Will+ Dex+4 SInv}
MPRegen 0.26/turn

%: faith
@: flying, studying 2 skills, very slow
A: cold resistance 1, negative energy resistance 3, torment resistance 2, heat
vulnerability 1, in touch with death 2, no potions, faith
0: Orb of Zot
}: 3/15 runes: decaying, serpentine, slimy
a: Renounce Religion, Evoke Invisibility, Bend Time, Temporal Distortion,
Slouch, Step From Time


You escaped.
You worshipped Cheibriados.
Cheibriados was extremely pleased with you.
You visited 10 branches of the dungeon, and saw 50 of its levels.
You visited the Abyss 1 time.
You visited 2 bazaars.
You also visited: Ossuary, Gauntlet and Ice Cave.

You collected 7477 gold pieces.
You spent 3892 gold pieces at shops.

Inventory:

Hand Weapons
 a - a +9 spectral double sword (weapon)
   (You subdued it on level 2 of the Elven Halls)
Missiles
 o - 2 throwing nets
 C - 4 curare-tipped darts (quivered)
Armour
 j - the +2 helmet of the Prince of Darkness (worn) {+Inv rElec rPois}
   (You acquired it on level 4 of the Snake Pit)

   rElec:     It insulates you from electricity.
   rPois:     It protects you from poison +Inv: It lets you turn invisible.
 s - a +4 tower shield of protection (worn)
   (You took it off a naga warrior on level 4 of the Snake Pit)
 y - the +3 pair of mountain boots (worn) {steadfast, rC+}
   (You acquired it on level 4 of the Vaults)

   Steadfast: It prevents involuntary movement, except for blinking,
   teleportation, or banishment.
   rC+:       It protects you from cold.
 E - a +2 cloak (worn)
   (You took it off a draconian shifter on level 1 of the Realm of Zot)
 G - the +8 plate armour of Yredelemnul's Esteem {Str+7}
   (You found it on level 3 of the Snake Pit)

   Str+7:     It affects your strength (+7).
 Q - the +1 pair of gloves of Jigsaw (worn) {rCorr Dex+4 SInv}
   (You bought it in a shop in a bazaar)

   Dex+4:     It affects your dexterity (+4).
   SInv:      It lets you see invisible.
   rCorr:     It protects you from acid and corrosion.
 S - the +4 ring mail of Eternal Night (worn) {Fly rF++ Regen+ Str-3}
   (You bought it in a shop in a bazaar)

   Str-3:     It affects your strength (-3).
   rF++:      It greatly protects you from fire.
   Fly:       It grants you flight.
   Regen+:    It increases your rate of health regeneration.
Magical Staves
 b - a staff of cold
   (You took it off a tengu conjurer on level 14 of the Dungeon)
Jewellery
 f - a ring of protection from fire
   (You bought it in a shop on level 2 of the Vaults)
 k - a +6 ring of dexterity
   (You found it on level 1 of the Swamp)
 m - a ring of willpower
   (You found it on level 4 of the Depths)
 p - a ring of protection from fire
   (You found it on level 5 of the Pits of Slime)
 r - a +6 ring of strength
   (You found it on level 3 of the Depths)
 u - a ring of flight
   (You took it off a spriggan berserker on level 2 of the Depths)
 v - a +5 ring of evasion (left hand)
   (You found it on level 4 of the Lair of Beasts)
 J - the ring "Duorgh" (right hand) {Will+ Dex+4 SInv}
   (You found it in a Gauntlet)

   [ring of see invisible]

   Dex+4:     It affects your dexterity (+4).
   Will+:     It increases your willpower.
   SInv:      It lets you see invisible.
 M - an amulet of regeneration (around neck)
   (You found it on level 3 of the Snake Pit)
 O - a ring of wizardry
   (You took it off an orc on level 3 of the Dungeon)
Wands
 c - a wand of acid (23)
   (You took it off Jeremiah on level 9 of the Dungeon)
 h - a wand of paralysis (56)
   (You found it on level 7 of the Dungeon)
 q - a wand of flame (82)
   (You found it on level 1 of the Lair of Beasts)
 x - a wand of roots (28)
   (You found it on level 3 of the Dungeon)
 A - a wand of polymorph (13)
   (You found it on level 5 of the Lair of Beasts)
 N - a wand of digging (12)
   (You found it in a Gauntlet)
 R - a wand of mindburst (34)
   (You found it on level 4 of the Lair of Beasts)
Scrolls
 d - 11 scrolls of fog
 e - 10 scrolls of poison
 g - 5 scrolls of immolation
 i - 8 scrolls of vulnerability
 n - 4 scrolls of amnesia
 t - 11 scrolls of teleportation
 B - 4 scrolls of silence
 T - 2 scrolls of torment
 V - 3 scrolls of fear
Miscellaneous
 D - a phial of floods
   (You found it on level 2 of the Swamp)
 F - a lightning rod (4/4)
   (You found it in an ice cave)
 H - a tin of tremorstones (2/2)
   (You found it in a Gauntlet)
 I - a phantom mirror
   (You found it on level 5 of the Lair of Beasts)
 P - a sack of spiders
   (You found it in a Gauntlet)


   Skills:
 - Level 16.0 Fighting
 - Level 16.0 Long Blades
 + Level 14.6 Armour
 - Level 16.0 Dodging
 - Level 2.0 Stealth
 - Level 12.0 Shields
 - Level 12.0 Spellcasting
 - Level 3.0 Conjurations
 - Level 10.0 Hexes
 - Level 2.0 Summonings
 - Level 12.0 Necromancy
 - Level 10.0 Transmutations
 - Level 15.1 Ice Magic
 - Level 13.0 Invocations
 - Level 12.0 Evocations


You had 16 spell levels left.
You knew the following spells:

 Your Spells              Type           Power      Damage    Failure   Level
a - Vampiric Draining     Necr           100%       2d13      1%          3
b - Sting                 Tmut/Pois      100%       1d8       1%          1
c - Ozocubu's Armour      Ice            85%        N/A       1%          3
d - Summon Ice Beast      Ice/Summ       64%        N/A       3%          4
e - Hailstorm             Conj/Ice       66%        3d14      1%          3
f - Simulacrum            Ice/Necr       62%        N/A       7%          6
g - Ozocubu's Refrigerat  Ice            42%        4d16      19%         7
h - Yara's Violent Unrav  Hex/Tmut       34%        3d14      5%          5
L - Kiss of Death         Conj/Necr      100%       2d13      1%          1

Your spell library contained the following spells:

 Spells                   Type           Power      Damage    Failure   Level
 Freeze                   Ice            100%       1d10      1%          1
 Necrotise                Necr           100%       1d9       1%          1
 Ensorcelled Hibernation  Hex/Ice        100%       N/A       1%          2
 Jinxbite                 Hex            100%       N/A       1%          2
 Frozen Ramparts          Ice            100%       1d16      1%          3
 Animate Dead             Necr           100%       N/A       1%          4
 Cause Fear               Hex            34%        N/A       1%          4
 Metabolic Englaciation   Hex/Ice        38%        N/A       1%          5
 Passwall                 Tmut/Erth      40%        N/A       2%          2
 Agony                    Necr           100%       N/A       2%          5
 Cigotuvi's Dreadful Rot  Necr/Pois/Air  100%       N/A       3%          2
 Summon Guardian Golem    Hex/Summ       54%        N/A       3%          3
 Summon Small Mammal      Summ           100%       N/A       4%          1
 Inner Flame              Hex/Fire       49%        N/A       4%          3
 Foxfire                  Conj/Fire      100%       2x1d9     6%          1
 Fulminant Prism          Conj/Hex       28%        3d13      8%          4
 Ignite Poison            Fire/Tmut/Pois 39%        N/A       9%          3
 Momentum Strike          Conj/Tloc      54%        3d9       10%         2
 Apportation              Tloc           36%        N/A       12%         1
 Sandblast                Erth           36%        2d10      12%         1
 Petrify                  Tmut/Erth      49%        N/A       14%         4
 Call Canine Familiar     Summ           31%        N/A       16%         3
 Blink                    Tloc           36%        N/A       17%         2
 Lesser Beckoning         Tloc           36%        N/A       17%         2
 Poisonous Vapours        Pois/Air       36%        N/A       17%         2
 Scorch                   Fire           36%        2d6       17%         2
 Stone Arrow              Conj/Erth      54%        3d10      19%         3
 Mephitic Cloud           Conj/Pois/Air  24%        N/A       22%         3
 Freezing Cloud           Conj/Ice/Air   27%        6-21      26%         5
 Summon Mana Viper        Hex/Summ       54%        N/A       26%         5
 Gell's Gravitas          Tloc           18%        N/A       34%         3
 Swiftness                Air            18%        N/A       34%         3
 Teleport Other           Tloc           18%        N/A       34%         3
 Volatile Blastmotes      Fire/Tloc      36%        2d13      34%         3
 Alistair's Intoxication  Tmut/Pois      32%        N/A       38%         5
 Brom's Barrelling Bould  Conj/Erth      27%        2d5       52%         4
 Flame Wave               Conj/Fire      27%        2d9       52%         4
 Iskenderun's Mystic Bla  Conj/Tloc      27%        2d7       52%         4
 Sticky Flame             Conj/Fire      27%        2d5       52%         4
 Animate Armour           Summ/Erth      48%        N/A       58%         4
 Summon Lightning Spire   Summ/Air       24%        N/A       58%         4
 Iskenderun's Battlesphe  Conj           37%        2d9       67%         5
 Manifold Assault         Tloc           18%        N/A       75%         4
 Vhi's Electric Charge    Tloc/Air       36%        N/A       75%         4
 Enfeeble                 Hex            34%        N/A       85%         7
 Arcjolt                  Conj/Air       13%        1d23      86%         5
 Fireball                 Conj/Fire      13%        3d7       86%         5
 Summon Forest            Summ/Tloc      12%        N/A       91%         5
 Eringya's Noxious Bog    Tmut/Pois      24%        4d6       92%         6
 Lee's Rapid Deconstruct  Erth           9%         3d7*      97%         5
 Haunt                    Necr/Summ      48%        N/A       99%         7
 Infestation              Necr           59%        N/A       99%         8
 Bombard                  Conj/Erth      13%        9d3       100%        6
 Conjure Ball Lightning   Conj/Air       13%        3x3d6     100%        6
 Dispersal                Tloc           9%         N/A       100%        6
 Plasma Beam              Fire/Air       9%         2x1d19    100%        6
 Starburst                Conj/Fire      13%        6d6       100%        6
 Summon Cactus Giant      Summ           15%        N/A       100%        6
 Monstrous Menagerie      Summ           15%        N/A       100%        7
 Spellforged Servitor     Conj/Summ      17%        N/A       100%        7
 Summon Hydra             Summ           15%        N/A       100%        7
 Discord                  Hex            34%        N/A       100%        8
 Disjunction              Tloc           9%         N/A       100%        8
 Ignition                 Fire           9%         3d5       100%        8
 Maxwell's Capacitive Co  Air            9%         ∞         100%        8
 Dragon's Call            Summ           15%        N/A       100%        9
 Polar Vortex             Ice            42%        12d5*     100%        9


Dungeon Overview and Level Annotations

Branches:
Dungeon (15/15)            Temple (0/1) D:6            Lair (5/5) D:8
  Swamp (4/4) Lair:2        Snake (4/4) Lair:3        Slime (5/5) Lair:4
    Orc (2/2) D:9             Elf (2/3) Orc:2        Vaults (4/5) D:14
  Crypt (0/3) Vaults:2     Depths (4/4) D:15            Zot (5/5) Depths:4
Ossuary (visited)           IceCv (visited)         Gauntlet (visited)

Altars:
Ashenzari
Cheibriados
Gozag
Kikubaaqudgha
Makhleb
Qazlal
Uskayaw
Xom
Ignis
Jiyva

Shops:
D:15 *   Orc:2 !:(:   Snake:2 :**   Vaults:1 (:(   Vaults:2 =   Depths:1 (
Depths:3 !(=!

Portals:
Hell: Depths:1 Depths:2 Depths:3 Depths:4
Abyss: Depths:3 Depths:4
Pandemonium: Depths:2 Depths:3
Ziggurat: Depths:3
Trove: Depths:2 (give +4 fire dragon scales)

Annotations:
D:3 1 runed translucent door, t4s4d4r's ghost, amateur OpSh
D:4 3 runed translucent doors, KineticRobot's ghost, amateur DENe
D:12 2 transporters
D:14 3 runed translucent doors, Cusoif's ghost, adept HuCj; Mll's ghost, journeyman HOBe
Lair:4 exclusion: oklob plant
Swamp:1 1 runed translucent door, xfalz's ghost, journeyman GnSk
Swamp:2 Roxanne
Snake:2 3 runed translucent doors, exclusion: obsidian statue, Punaxali's ghost, journeyman MiBe
Orc:1 1 runed translucent door, Ecaiwiergh's ghost, journeyman FeCK
Elf:2 6 transporters
Zot:2 4 transporters


Innate Abilities, Weirdness & Mutations

You are immune to poison.
Your flesh is cold resistant. (rC+)
You are immune to negative energy. (rN+++)
You are immune to unholy pain and torment.
You are vulnerable to heat. (rF-)
You are strongly in touch with the powers of death.
You do not drink.
You have a special connection with the divine. (Faith)


Message History

Here: Oxodu The floor.
Unknown command.
Press: ? - help, v - describe, . - travel
Here: Oxodu The floor.
Press: ? - help, v - describe, . - travel
Here: Oxodu The floor.
Unknown command.
Unknown command.
Aiming: Fastroot
Press: ? - help, Shift-Dir - straight line The roots erupt in riotous growth!
Roots grab the orange demon.
Roots grab Oxodu.
The grasping roots constrict Oxodu!
The grasping roots constrict the orange demon.
The orange demon struggles to escape constriction.
Oxodu struggles to escape constriction.
Press: ? - help, v - describe, . - travel
Here: Oxodu (lightly wounded, constricted by roots)
The floor.
The grasping roots constrict Oxodu!
The grasping roots constrict the orange demon!!
The roots release their grip on the orange demon.
Oxodu gestures.
Oxodu flickers and vanishes for a moment.
A smoke demon comes into view.
Oxodu struggles to escape constriction. x2
You block the orange demon's attack.
The grasping roots constrict Oxodu!!
KineticRobot's ghost turns its malevolent gaze towards you.
The centaur shouts!
The roots release their grip on Oxodu.
Oxodu misses you. You block the orange demon's attack.
You block Oxodu's attack. You block the orange demon's attack.
Unknown command.
The iguana hisses angrily.
You block Oxodu's attack. Oxodu closely misses you.
You block the orange demon's attack. You block Oxodu's attack.
The orange demon completely misses you.
Unknown command.
The kobold shouts!
Oxodu gestures at you.
The bolt of energy hits you but does no damage.
The orange demon completely misses you. You block Oxodu's attack.
You block the orange demon's attack. You block the smoke demon's attack. x2
The smoke demon completely misses you.
You see here a +0 robe.
Unknown command.
Blink to where?
Press: ? - help, Dir - move target
As you read the scroll of blinking, it crumbles to dust.
You fly upwards.
Level annotation: 1 runed translucent door, t4s4d4r's ghost, amateur OpSh
There is a stone staircase leading down here.
What level of the Dungeon? (default 1, ? - help)
There is a stone staircase leading up here.
You fly upwards.
There is a stone staircase leading down here.
There is a stone staircase leading up here.
You fly upwards.
There is a stone staircase leading down here.
An Orb Guardian comes into view.
Unknown command.
You hit the Orb Guardian.
The Orb Guardian is lightly wounded.
Your +9 spectral double sword hits the Orb Guardian but does no damage.
The Orb Guardian hits you.
You miss the Orb Guardian.
The Orb Guardian is lightly wounded.
Your +9 spectral double sword hits the Orb Guardian!
You block the Orb Guardian's attack.
You barely miss the Orb Guardian.
The Orb Guardian is moderately wounded.
Your +9 spectral double sword closely misses the Orb Guardian.
You block the Orb Guardian's attack.
You cut the Orb Guardian into ribbons!!!
The Orb Guardian is severely wounded.
Your +9 spectral double sword hits the Orb Guardian but does no damage.
The Orb Guardian hits you but does no damage.
You hit the Orb Guardian.
The Orb Guardian is severely wounded.
Your +9 spectral double sword hits the Orb Guardian!
The Orb Guardian misses your +9 spectral double sword.
The Orb Guardian hits your +9 spectral double sword!
Your spectral weapon shares its damage with you!
You catch the helpless Orb Guardian completely off-guard!
You slice the Orb Guardian!!
You kill the Orb Guardian!
Cheibriados thoroughly appreciates the change of pace.
Your +9 spectral double sword disappears.
HP restored.
There is a staircase leading out of the dungeon here.
Unknown command.
Enter note: gg You are a level 26 Mummy Wanderer.
You are 33% of the way to level 27.
Play time: 03:04:11 (61589 turns).
You are forever immune to Zot's power.
Unknown command.
You have escaped!

.....# ###.##.# .#####
##.##.####### ## ###..##.##....#
# #...........#.#########
###########..#.....#............#
.........##.######.##..########.#
#.######.##..8.....8...# #...#
.............#.....#...# #.###
...###.......#..@..#..## #)#
.............#!....#..# #.#
...###.......8.....8..# #.# #.##
##.....##.######.# #.# #.#
####.)##.....#..# #.# #.#
##...........# ###.# ..#
###..######## #...# ### #..#
#...# ##..# #...#


There were no monsters in sight!

Vanquished Creatures
  3 dread liches (Zot:5)
  5 ancient liches
  8 orbs of fire
  2 juggernauts (Depths:4)
  Josephina (Depths:2)
  4 Killer Klowns
  Vashnia (Snake:2)
  Saint Roka (Depths:2)
  Xtahua (Depths:2)
  5 curse toes
  7 golden dragons
  2 caustic shrikes (Depths:1)
  2 bone dragons
  2 electric golems
  4 tentacled monstrosities
  A Hell Sentinel (D:12)
  18 Orb Guardians
  5 liches
  2 titans
  A deep elf blademaster (Elf:2)
  5 quicksilver dragons
  An Executioner (D:11)
  The ghost of BigAl98 the Brawler, an adept TrFi of Gozag (Swamp:2)
  2 thorn hunters
  8 acid blobs
  9 death cobs
  A sphinx (Vaults:4)
  The ghost of Kitsup the Warrior, an adept HOMo of Beogh (Depths:2)
  5 tengu reavers
  12 shadow dragons
  2 draconian monks (Zot:1)
  10 storm dragons
  A fenstrider witch (Swamp:4)
  Aizul (Snake:1)
  3 rockslimes (Slime:5)
  6 draconian knights
  8 nagarajas (Snake:4)
  11 fire giants
  3 azure jellies
  4 frost giants
  14 vault wardens
  3 draconian scorchers
  4 draconian shifters
  5 iron dragons
  A balrug (Zot:1)
  An angel (Abyss:2)
  A deep elf elementalist (Abyss:2)
  A cacodemon (D:5)
  11 stone giants
  2 quicksilver oozes
  Louise (Snake:2)
  An orc warlord (Vaults:4)
  3 spriggan defenders
  12 draconian annihilators
  15 ironbound preservers
  19 very ugly things
  2 formless jellyfish
  2 reapers (Depths:2)
  2 war gargoyles
  6 vampire knights
  7 ironbound thunderhulks
  6 green draconians
  A minotaur (Gauntlet)
  6 white draconians
  Azrael (D:14)
  8 eleionomae
  6 yellow draconians
  A deep elf annihilator (Elf:1)
  13 spark wasps
  4 black draconians
  2 deep elf demonologists
  17 dire elephants
  7 purple draconians
  5 bunyips
  2 blizzard demons
  11 red draconians
  10 ettins
  A shambling mangrove (Swamp:1)
  A crystal guardian (Vaults:4)
  2 entropy weavers
  A green death (Swamp:4)
  6 fire dragons
  6 yaktaur captains
  10 ice dragons
  9 great orbs of eyes
  8 vault guards (Vaults:1)
  A ghost crab (Swamp:3)
  3 rakshasas
  An ice dragon (shapeshifter) (Depths:1)
  12 hydras
  3 ironbound frosthearts
  7 spriggan air magi
  4 peacekeepers
  4 salamander tyrants
  19 anacondas
  2 hell beasts
  9 alligators
  12 centaur warriors
  An ogre mage (Orc:2)
  A caustic shrike simulacrum (Depths:3)
  10 boulder beetles
  A spriggan skeleton (Depths:1)
  2 death knights (Vaults:2)
  22 dancing weapons
  20 naga warriors
  9 deep troll shamans
  8 two-headed ogres
  A sphinx skeleton (Depths:3)
  2 demonic crawlers
  7 deep troll earth magi
  4 shock serpents
  5 tengu warriors
  A thrashing horror (Abyss:2)
  A vampire mage (Depths:3)
  5 death yaks (Lair:2)
  2 spriggan berserkers
  A death scarab (Gauntlet)
  An occultist (Depths:2)
  3 hell knights
  17 naga sharpshooters
  5 wretched stars
  12 deep elf knights
  6 sun demons
  9 soul eaters
  11 skeletal warriors
  2 skysharks (Lair:5)
  6 salamander mystics
  A shadow wraith (Vaults:2)
  8 iron trolls
  A spark wasp zombie (Depths:3)
  A storm dragon skeleton (Depths:1)
  An orb spider (Abyss:2)
  5 spriggan druids
  54 deep trolls
  4 goliath frogs
  3 flayed ghosts
  12 naga ritualists
  2 tengu zombies (Depths:3)
  4 bog bodies
  5 harpies (Vaults:3)
  A sea snake (Snake:1)
  3 glowing orange brains
  5 arcanists
  4 swamp dragons
  16 ironbound convokers
  5 orc knights
  7 deep elf archers
  2 lindwurms
  14 deep elf zephyrmancers
  2 phantasmal warriors (Vaults:2)
  17 deep elf pyromancers
  8 necromancers
  31 ugly things
  3 orc sorcerers
  16 mana vipers
  23 salamanders
  6 will-o-the-wisps
  3 manticores
  18 moths of wrath
  4 cyclopes
  6 guardian serpents
  2 apocalypse crabs
  A frost giant skeleton (Depths:3)
  15 naga magi
  A torpor snail (Gauntlet)
  13 vault sentinels
  6 elephants
  37 black mambas
  2 smoke demons
  An ice statue (IceCv)
  2 large abominations
  2 orange demons
  13 cane toads
  An unseen horror (Abyss:3)
  A minotaur zombie (Gauntlet)
  A tormentor (D:13)
  Jeremiah (D:9)
  3 rime drakes
  An efreet (D:13)
  2 anaconda simulacra (IceCv)
  34 yaktaurs
  5 tengu conjurers
  9 komodo dragons
  A freezing wraith (D:12)
  A komodo dragon (shapeshifter) (D:15)
  2 golden dragon simulacra
  3 ancient zymes
  A queen bee (Gauntlet)
  A polar bear (Lair:2)
  13 trolls
  A tarantella (Vaults:3)
  A harpy zombie (Abyss:3)
  9 hornets
  13 tyrant leeches
  A dream sheep (shapeshifter) (Vaults:2)
  2 stone giant simulacra (Vaults:1)
  2 frost giant simulacra (Depths:3)
  A blink frog (shapeshifter) (Depths:3)
  A fire giant simulacrum (Depths:1)
  21 blink frogs
  Sigmund (D:5)
  A jumping spider (Vaults:2)
  40 slime creatures
  A culicivora (Vaults:2)
  3 air elementals
  A wraith (D:13)
  8 spriggans
  An elf simulacrum (Vaults:1)
  A shadow (Swamp:4)
  5 wyverns
  A vampire (D:12)
  3 ynoxinuls
  40 yaks
  3 fire bats (Depths:1)
  11 starcursed masses
  4 fire elementals
  A dire elephant simulacrum (IceCv)
  7 basilisks
  A spectral komodo dragon (Gauntlet)
  A human (shapeshifter) (D:15)
  2 neqoxecs (Abyss:2)
  2 steam dragons
  4 death yak simulacra (IceCv)
  A redback (Vaults:2)
  A redback simulacrum (D:15)
  48 nagas
  13 vampire mosquitoes
  A warg (shapeshifter) (Abyss:3)
  2 harpy simulacra (IceCv)
  5 wargs
  8 swamp worms
  A glowing shapeshifter zombie (Depths:3)
  12 water moccasins
  2 acid dragons
  15 orc warriors
  A sky beast (D:8)
  5 hell hounds (D:14)
  An ice beast (D:5)
  A hornet zombie (Ossuary)
  4 swamp drakes
  A black bear (Lair:4)
  13 ogres
  2 small abominations
  10 boggarts
  An elephant zombie (D:6)
  17 wolves
  15 centaurs
  4 phantoms
  An elf zombie (D:6)
  A nameless horror (Lair:2)
  2 kobold brigands
  2 wyvern zombies (Ossuary)
  9 bullfrogs
  3 earth elementals
  2 human simulacra
  2 gnoll sergeants
  3 scorpions
  5 two-headed ogre simulacra (IceCv)
  3 water moccasin zombies (Ossuary)
  13 wights
  5 jellies
  4 killer bees (Gauntlet)
  2 elephant simulacra (IceCv)
  6 howler monkeys
  A crimson imp (Abyss:2)
  A bullfrog skeleton (D:7)
  5 centaur zombies
  14 orc priests
  11 bullfrog zombies (Ossuary)
  4 hounds
  A human zombie (D:6)
  10 mummies (Ossuary)
  2 iguanas
  17 orc wizards
  A polar bear simulacrum (IceCv)
  7 spriggan simulacra (IceCv)
  2 killer bee zombies
  4 scorpion zombies (D:7)
  7 troll simulacra (IceCv)
  A wolf simulacrum (IceCv)
  7 ogre zombies
  8 hound zombies (D:6)
  2 howler monkey zombies (Ossuary)
  13 gnolls
  2 howler monkey skeletons (D:7)
  5 adders
  2 naga simulacra (IceCv)
  12 white imps
  5 ufetubi
  An adder zombie (D:6)
  2 dart slugs
  63 orcs
  4 bats
  5 endoplasms
  6 gnoll zombies (D:9)
  5 goblins
  6 hobgoblins
  2 jackals (D:4)
  10 kobolds
  5 quokkas
  4 ball pythons
  A frilled lizard (D:1)
  A gnoll skeleton (D:9)
  An orc skeleton (D:9)
  11 orc zombies (D:9)
  4 rats
  7 spectral weapons
1871 creatures vanquished.

Vanquished Creatures (collateral kills)
  the Royal Jelly (Slime:5)
  An orb of fire (Zot:5)
  A juggernaut (Depths:1)
  A Killer Klown (Zot:5)
  A curse toe (Zot:4)
  2 golden dragons
  2 electric golems
  4 tentacled monstrosities
  9 Orb Guardians (Zot:5)
  12 acid blobs
  A titan (Depths:1)
  2 quicksilver dragons (Zot:3)
  4 death cobs
  3 tengu reavers
  4 storm dragons
  3 azure jellies (Slime:5)
  A shadow dragon (Zot:2)
  A fire giant (Depths:1)
  4 rockslimes (Slime:5)
  2 draconian monks
  3 draconian knights
  6 draconian scorchers
  A frost giant (Depths:1)
  3 vault wardens
  A draconian shifter (Zot:1)
  A very ugly thing (Depths:1)
  5 ironbound preservers
  2 stone giants (Depths:1)
  8 draconian annihilators
  8 quicksilver oozes (Slime:5)
  A formless jellyfish (Slime:5)
  An ironbound thunderhulk (Vaults:1)
  3 black draconians
  6 red draconians
  6 green draconians
  4 purple draconians
  2 spark wasps (Depths:1)
  3 white draconians
  6 dire elephants
  5 yellow draconians
  A green death (Swamp:4)
  2 fire dragons (Zot:2)
  2 great orbs of eyes
  An ogre mage (Orc:2)
  A rakshasa (Depths:1)
  A hell beast (Swamp:4)
  6 hydras
  2 ironbound frosthearts (Vaults:3)
  A centaur warrior (Vaults:1)
  4 two-headed ogres (Orc:2)
  6 tengu warriors (Depths:1)
  2 deep troll shamans (Depths:1)
  An orc high priest (Orc:2)
  A skyshark (Lair:3)
  2 goliath frogs (Lair:5)
  A bog body (Swamp:4)
  2 lindwurms
  2 swamp dragons (Swamp:4)
  An arcanist (D:14)
  10 deep trolls
  An ironbound convoker (Vaults:1)
  An orc knight (Orc:2)
  An orc sorcerer (Orc:2)
  8 ugly things
  A cyclops (Orc:2)
  A shining eye (Slime:5)
  10 moths of wrath
  A black mamba (Lair:5)
  An eye of devastation (Slime:3)
  8 cane toads
  2 orange demons (Swamp:4)
  A large abomination (Swamp:4)
  6 yaktaurs
  2 komodo dragons
  A polar bear (Lair:3)
  3 trolls (Orc:2)
  A tyrant leech (Lair:5)
  3 glass eyes
  7 blink frogs
  16 slime creatures
  A centaur simulacrum (D:13)
  4 yaks
  A golden eye (Slime:5)
  2 vampire mosquitoes (Lair:5)
  A water moccasin (Lair:5)
  2 orc warriors (Orc:2)
  8 ogres (Orc:2)
  4 wolves
  4 bullfrogs (Lair:5)
  A small abomination (Swamp:4)
  An electric eel (Lair:5)
  2 orc priests (Orc:2)
  An orc wizard (Orc:2)
  9 orcs (Orc:2)
  A spectral weapon (Zot:2)
300 creatures vanquished.

Vanquished Creatures (others)
  A draconian knight (Zot:1)
  A draconian shifter (Zot:1)
  A moth of wrath (Zot:1)
  An ogre (Orc:2)
  8 foxfires
  A lurking horror (Abyss:3)
  90 spectral weapons
103 creatures vanquished.

Grand Total: 2274 creatures vanquished

Notes
Turn   | Place    | Note
-------+----------+-------------------------------------------
     0 | D:1      | Flugkiller the Mummy Wanderer began the quest for the Orb.
     0 | D:1      | Flugkiller set off with the following items: a +0 club, a
                  | scroll of fear, a +0 leather armour, a scroll of fog; and
                  | the following spells available to memorise: Kiss of Death,
                  | Foxfire, Sting, Vampiric Draining, Ozocubu's Armour, Summon
                  | Guardian Golem.
     0 | D:1      | Reached XP level 1. HP: 18/18 MP: 6/6
     2 | D:1      | Learned a level 1 spell: Kiss of Death
   333 | D:1      | Reached XP level 2. HP: 20/24 MP: 8/8
   403 | D:1      | Learned a level 1 spell: Sting
  1199 | D:2      | Reached XP level 3. HP: 29/29 MP: 9/9
  1203 | D:2      | Learned a level 3 spell: Vampiric Draining
  1219 | D:2      | Found a snail-covered altar of Cheibriados.
  1767 | D:2      | Became a worshipper of Cheibriados the Contemplative
  1989 | D:3      | Found a runed translucent door.
  2426 | D:3      | Noticed t4s4d4r's ghost (amateur OpSh)
  2683 | D:4      | Found a runed translucent gate.
  2684 | D:4      | Found a runed translucent gate.
  2690 | D:4      | Found a runed translucent gate.
  2712 | D:4      | Noticed a centaur
  2715 | D:4      | Noticed KineticRobot's ghost (amateur DENe)
  2729 | D:4      | Reached XP level 4. HP: 35/35 MP: 3/11
  2836 | D:3      | Reached * piety under Cheibriados
  3217 | D:4      | Reached XP level 5. HP: 40/41 MP: 12/12
  3276 | D:4      | Reached skill level 1 in Stealth
  3355 | D:4      | Reached skill level 5 in Necromancy
  3381 | D:4      | Reached skill level 1 in Evocations
  3391 | D:4      | Reached XP level 6. HP: 41/47 MP: 6/13
  3393 | D:4      | Reached ** piety under Cheibriados
  3936 | D:5      | Entered Level 5 of the Dungeon
  3936 | D:5      | Noticed an angel
  3936 | D:5      | Found a shimmering altar of Xom.
  3947 | D:5      | Reached skill level 1 in Dodging
  4306 | D:5      | Noticed an ice beast
  4322 | D:5      | Killed an ice beast
  4323 | D:5      | Reached XP level 7. HP: 52/52 MP: 9/16
  4528 | D:5      | Noticed Sigmund
  4606 | D:5      | Learned a level 3 spell: Ozocubu's Armour
  4688 | D:5      | Reached skill level 1 in Ice Magic
  4712 | D:5      | Reached *** piety under Cheibriados
  5557 | D:6      | Reached skill level 1 in Invocations
  5576 | D:6      | Found a staircase to the Ecumenical Temple.
  5592 | D:6      | Reached XP level 8. HP: 45/58 MP: 17/17
  5845 | D:6      | Found an ancient bone altar of Kikubaaqudgha.
  6029 | D:6      | Reached **** piety under Cheibriados
  6192 | D:6      | Reached skill level 5 in Fighting
  6266 | D:6      | Reached skill level 1 in Long Blades
  6797 | D:6      | Reached XP level 9. HP: 12/68 MP: 15/18
  7149 | D:7      | Found a sand-covered staircase.
  7166 | Ossuary  | Entered an ossuary
  7387 | Ossuary  | Reached skill level 5 in Ice Magic
  7534 | Ossuary  | Reached ***** piety under Cheibriados
  7656 | Ossuary  | Reached skill level 5 in Long Blades
  8493 | D:7      | Found a burning altar of Makhleb.
  9098 | D:8      | Identified the +0 robe "Ruazeffess" {rN+ Will+}
  9160 | D:8      | Reached XP level 10. HP: 26/76 MP: 8/19
  9367 | D:8      | Found a staircase to the Lair.
  9367 | D:8      | Noticed an elephant
  9381 | D:8      | Killed an elephant
  9389 | D:8      | Reached skill level 5 in Invocations
  9481 | D:8      | Found a hide-covered altar of Uskayaw.
 10506 | D:8      | Found a staircase to the Lair.
 10514 | D:8      | Found a hide-covered altar of Uskayaw.
 11349 | D:9      | Found a staircase to the Orcish Mines.
 11421 | D:9      | Reached skill level 5 in Dodging
 11718 | D:9      | Noticed a two-headed ogre
 11727 | D:9      | Killed a two-headed ogre
 11746 | D:9      | Noticed Jeremiah
 11833 | D:9      | Killed Jeremiah
 12011 | D:9      | Identified the +0 leather armour of Hairiness {Fly rPois
                  | Regen+ Dex-5}
 12248 | D:9      | Reached XP level 11. HP: 76/83 MP: 20/20
 12556 | D:10     | Entered Level 10 of the Dungeon
 12759 | D:10     | Noticed a two-headed ogre
 13285 | D:11     | Noticed a two-headed ogre
 13295 | D:11     | Killed a two-headed ogre
 13896 | D:11     | Found an opulent altar of Gozag.
 14279 | Lair:1   | Entered Level 1 of the Lair of Beasts
 14284 | Lair:1   | Found a frozen archway.
 14317 | IceCv    | Entered an ice cave
 15184 | IceCv    | Noticed a reaper
 15506 | Lair:1   | Noticed a six-headed hydra
 15584 | Lair:1   | Reached XP level 12. HP: 94/94 MP: 21/21
 16006 | Lair:1   | Learned a level 4 spell: Summon Ice Beast
 16439 | Lair:1   | Killed a six-headed hydra
 16811 | Lair:2   | Learned a level 3 spell: Hailstorm
 16833 | Lair:2   | Noticed a death yak
 16833 | Lair:2   | Noticed a death yak
 16833 | Lair:2   | Noticed a death yak
 16833 | Lair:2   | Noticed a death yak
 16833 | Lair:2   | Noticed a death yak
 16836 | Lair:2   | Reached skill level 1 in Conjurations
 16844 | Lair:2   | Killed a death yak
 16844 | Lair:2   | Killed a death yak
 16846 | Lair:2   | Killed a death yak
 16857 | Lair:2   | Killed a death yak
 16863 | Lair:2   | Killed a death yak
 16879 | Lair:2   | Found a gate leading to a gauntlet.
 16890 | Gauntlet | Entered a Gauntlet
 16890 | Gauntlet | Found a transporter.
 16902 | Gauntlet | Found a transporter.
 16903 | Gauntlet | Found a transporter.
 16905 | Gauntlet | Noticed a death scarab
 16907 | Gauntlet | Found a transporter.
 16914 | Gauntlet | Found a transporter.
 16915 | Gauntlet | Found a transporter.
 16916 | Gauntlet | Found a transporter.
 16923 | Gauntlet | Found the +2 pair of slick slippers {slick, slippery, EV+4}
 16926 | Gauntlet | Found a transporter.
 16927 | Gauntlet | Found a transporter.
 16928 | Gauntlet | Found a transporter.
 16934 | Gauntlet | Noticed a six-headed hydra
 16936 | Gauntlet | Found a transporter.
 16939 | Gauntlet | Found a transporter.
 16940 | Gauntlet | Found a transporter.
 16949 | Gauntlet | Found a transporter.
 16985 | Gauntlet | Found a runed translucent door.
 17070 | Gauntlet | Killed a death scarab
 17248 | Gauntlet | Killed an eight-headed hydra
 17300 | Gauntlet | Identified the ring "Duorgh" {Will+ Dex+4 SInv}
 17305 | Gauntlet | Reached skill level 1 in Summonings
 17359 | Gauntlet | Noticed a minotaur
 17374 | Gauntlet | Killed a minotaur
 17737 | Lair:2   | Found a staircase to the Swamp.
 17737 | Lair:2   | Noticed an eleionoma
 17796 | Lair:2   | Killed an eleionoma
 17797 | Lair:2   | Gained mutation: You are strongly in touch with the powers
                  | of death. [Mummy growth]
 17797 | Lair:2   | Reached XP level 13. HP: 55/101 MP: 18/23
 18764 | Lair:3   | Reached skill level 10 in Fighting
 19053 | Lair:3   | Found a staircase to the Snake Pit.
 19516 | Lair:4   | Reached ****** piety under Cheibriados
 19651 | Lair:4   | Found a staircase to the Slime Pits.
 19746 | Lair:4   | Found a viscous altar of Jiyva.
 20084 | Lair:5   | Entered Level 5 of the Lair of Beasts
 20128 | Lair:5   | Reached skill level 10 in Long Blades
 20223 | Lair:5   | Reached skill level 10 in Dodging
 20309 | Lair:5   | Reached XP level 14. HP: 109/110 MP: 24/24
 20330 | Lair:5   | Learned a level 6 spell: Simulacrum
 20447 | Lair:5   | Reached skill level 10 in Ice Magic
 21476 | D:5      | Killed Sigmund
 22408 | D:12     | Identified the +0 scale mail of Pride {Slay+2}
 22498 | D:12     | Found a transporter.
 22503 | D:12     | Found a transporter.
 23110 | D:13     | Identified the +3 trident "Zeirch" {freeze, *Noise rPois
                  | Dex+8}
 23693 | D:14     | Noticed Azrael
 23701 | D:14     | Reached XP level 15. HP: 111/115 MP: 17/25
 23707 | D:14     | Killed Azrael
 24220 | D:14     | Found a gate to the Vaults.
 24251 | D:14     | Found a runed translucent gate.
 24254 | D:14     | Found a runed translucent gate.
 24254 | D:14     | Found a runed translucent gate.
 24255 | D:14     | Noticed Cusoif's ghost (adept HuCj)
 24255 | D:14     | Noticed Mll's ghost (journeyman HOBe)
 24538 | D:15     | Entered Level 15 of the Dungeon
 24598 | D:15     | Identified a scroll of acquirement
 24599 | D:15     | Acquired 790 gold pieces
 24738 | D:15     | Found Hyclac's Overcharged Wands.
 24754 | D:15     | Noticed a fire giant
 25221 | D:15     | Found a staircase to the Depths.
 25337 | D:15     | Killed a fire giant
 25755 | Orc:1    | Entered Level 1 of the Orcish Mines
 25835 | Orc:2    | Entered Level 2 of the Orcish Mines
 26082 | Orc:2    | Found Eryn Ott's Book Shop.
 26090 | Orc:2    | Found Faenyts's Book Shoppe.
 26108 | Orc:2    | Found Piusec's Distillery.
 26109 | Orc:2    | Found Ompeunui's Weapon Boutique.
 26359 | Orc:2    | Found a staircase to the Elven Halls.
 26727 | Orc:1    | Found a runed translucent door.
 26727 | Orc:1    | Noticed Ecaiwiergh's ghost (journeyman FeCK)
 26981 | Orc:1    | Learned a level 7 spell: Ozocubu's Refrigeration
 27457 | Swamp:1  | Entered Level 1 of the Swamp
 27462 | Swamp:1  | Reached XP level 16. HP: 122/122 MP: 8/28
 27533 | Swamp:1  | Found a runed translucent door.
 27537 | Swamp:1  | Noticed xfalz's ghost (journeyman GnSk)
 27540 | Swamp:1  | Identified the +5 spear of the Bear {protect, Dex+3}
 27624 | Swamp:1  | Reached skill level 5 in Evocations
 28624 | Swamp:2  | Found a runed translucent gate.
 28624 | Swamp:2  | Found a runed translucent gate.
 28624 | Swamp:2  | Found a runed translucent gate.
 28626 | Swamp:2  | Noticed BigAl98's ghost (adept TrFi)
 28829 | Swamp:2  | Noticed Roxanne
 28865 | Swamp:2  | Noticed a thorn hunter
 29000 | Swamp:2  | Killed a thorn hunter
 29403 | Swamp:2  | Killed BigAl98's ghost
 30289 | Swamp:3  | Noticed a thorn hunter
 30292 | Swamp:3  | Reached skill level 10 in Spellcasting
 30365 | Swamp:3  | Killed a thorn hunter
 30577 | Swamp:4  | Entered Level 4 of the Swamp
 30674 | Swamp:4  | Reached skill level 1 in Shields
 31344 | Swamp:4  | Reached XP level 17. HP: 105/129 MP: 12/31
 31388 | Swamp:4  | Identified the orb of Rotation {*channel, rPois rCorr}
 31431 | Swamp:4  | Got a decaying rune of Zot
 31787 | Snake:1  | Entered Level 1 of the Snake Pit
 33095 | Snake:2  | Identified the serpent talisman of a ziggurat {rF+}
 33095 | Snake:2  | Noticed Aizul
 33111 | Snake:1  | Killed Aizul
 33145 | Snake:2  | Found a runed translucent gate.
 33147 | Snake:2  | Found a runed translucent gate.
 33147 | Snake:2  | Found a runed translucent gate.
 33148 | Snake:2  | Found an opulent altar of Gozag.
 33148 | Snake:2  | Found Cumym's Assorted Antiques.
 33149 | Snake:2  | Noticed Punaxali's ghost (journeyman MiBe)
 33150 | Snake:2  | Found Qinuj's Assorted Antiques.
 33731 | Snake:2  | Found Pyrgh's Book Emporium.
 33868 | Snake:2  | Noticed Louise
 33871 | Snake:2  | Killed Louise
 33930 | Snake:2  | Noticed Vashnia
 34042 | Snake:2  | Killed Vashnia
 34755 | Snake:3  | Reached XP level 18. HP: 140/140 MP: 2/32
 35046 | Snake:3  | Reached skill level 15 in Ice Magic
 35363 | Snake:3  | Identified the +8 plate armour of Yredelemnul's Esteem
                  | {Str+7}
 36082 | Snake:4  | Entered Level 4 of the Snake Pit
 36571 | Snake:4  | Reached skill level 5 in Armour
 37816 | Snake:4  | Got a serpentine rune of Zot
 38228 | Elf:1    | Entered Level 1 of the Elven Halls
 38305 | Elf:1    | Paralysed by an orc sorcerer for 5 turns
 38312 | Elf:1    | Paralysed by an orc sorcerer for 3 turns
 39009 | Elf:1    | Got the Directory of Blasts
 39340 | Elf:2    | Reached skill level 10 in Armour
 39383 | Elf:2    | Reached XP level 19. HP: 146/146 MP: 25/33
 39418 | Elf:2    | Found a transporter.
 39419 | Elf:2    | Found a transporter.
 39457 | Elf:2    | Found a huge runed translucent gate.
 39457 | Elf:2    | Found a huge runed translucent gate.
 39458 | Elf:2    | Found a huge runed translucent gate.
 39459 | Elf:2    | Found a huge runed translucent gate.
 39460 | Elf:2    | Found a huge runed translucent gate.
 39968 | Elf:2    | Acquired the +2 helmet of the Prince of Darkness {+Inv
                  | rElec rPois}
 40430 | Elf:2    | Found a transporter.
 40437 | Elf:2    | Found a transporter.
 40613 | Elf:2    | Found a transporter.
 40618 | Elf:2    | Found a transporter.
 41211 | Vaults:1 | Entered Level 1 of the Vaults
 42802 | Vaults:1 | Found Toal's Weapon Boutique.
 42830 | Vaults:1 | Identified the +8 long sword of Wywnaodo {venom, Fragile
                  | Str+3 SInv}
 42880 | Vaults:1 | Reached skill level 5 in Shields
 43095 | Vaults:1 | Found Rideteji's Book Shop.
 43148 | Vaults:1 | Found Duunyir's Weapon Shoppe.
 43624 | Vaults:1 | Reached XP level 20. HP: 75/158 MP: 20/34
 44518 | Vaults:2 | Found Pased's Jewellery Shoppe.
 44524 | Vaults:2 | Bought a ring of protection from fire for 550 gold pieces
 44635 | Vaults:2 | Found a staircase to the Crypt.
 44940 | Vaults:2 | Identified the +0 ring mail of the Centaur {Int+7}
 45585 | Vaults:3 | Found a flickering gateway to a bazaar.
 45594 | Bazaar   | Entered a bazaar
 45600 | Bazaar   | Found Tibawyom's Book Emporium.
 45600 | Bazaar   | Found Lireigol's Jewellery Shoppe.
 45622 | Bazaar   | Bought a book of Misfortune for 504 gold pieces
 45622 | Bazaar   | Bought a book of Beasts for 532 gold pieces
 46374 | Vaults:3 | Reached XP level 21. HP: 166/166 MP: 35/35
 46882 | Vaults:4 | Reached skill level 10 in Invocations
 47195 | Vaults:4 | Reached skill level 15 in Long Blades
 47464 | Vaults:4 | Reached skill level 10 in Shields
 47467 | Vaults:4 | Acquired the +3 pair of mountain boots {steadfast, rC+}
 47467 | Vaults:4 | Found the +3 pair of mountain boots {steadfast, rC+}
 48111 | Depths:1 | Entered Level 1 of the Depths
 48231 | Depths:1 | Reached skill level 15 in Fighting
 48453 | Depths:1 | Found a gateway to Hell.
 48477 | Depths:1 | Noticed a caustic shrike
 48488 | Depths:1 | Killed a caustic shrike
 48492 | Depths:1 | Noticed a caustic shrike
 48497 | Depths:1 | Killed a caustic shrike
 48506 | Depths:1 | Identified the staff of Duty {Contam rF+ Will- MP+9 Stlth+
                  | Fire}
 48680 | Depths:1 | Noticed a juggernaut
 48683 | Depths:1 | Killed a juggernaut
 48711 | Depths:1 | Noticed a golden dragon
 48717 | Depths:1 | Killed a golden dragon
 48901 | Depths:1 | Found Repridar's Antique Weapon Shoppe.
 49008 | Depths:1 | Reached XP level 22. HP: 134/176 MP: 33/36
 49048 | Depths:1 | Paralysed by something for 2 turns
 49644 | Depths:2 | Noticed Saint Roka
 49656 | Depths:2 | Killed Saint Roka
 49729 | Depths:2 | Found a portal to a secret trove of treasure.
 49761 | Abyss:2  | Cast into level 2 of the Abyss (spriggan defender)
 50053 | Abyss:3  | Found a corrupted altar of Lugonu.
 50172 | Depths:2 | Escaped the Abyss
 50493 | Depths:2 | Identified the +1 robe "Dacliw" {rF+}
 50548 | Depths:2 | Found a runed translucent door.
 50688 | Depths:2 | Noticed Kitsup's ghost (adept HOMo)
 50736 | Depths:2 | Killed Kitsup's ghost
 50743 | Depths:2 | Identified the +4 ring mail of the Gloaming {rC+}
 50760 | Depths:2 | Found a one-way gate leading to the halls of Pandemonium.
 51102 | Depths:3 | Found Lacef's Weapon Boutique.
 51108 | Depths:3 | Noticed Xtahua
 51125 | Depths:2 | Killed Xtahua
 51337 | Depths:2 | Learned a level 5 spell: Yara's Violent Unravelling
 51368 | Depths:3 | Reached skill level 1 in Hexes
 51377 | Depths:2 | Reached skill level 1 in Transmutations
 51758 | Depths:3 | Found Yshueb's Distillery.
 51765 | Depths:3 | Found a one-way gateway to a ziggurat.
 51774 | Depths:3 | Found a broken altar of Ashenzari.
 51817 | Depths:3 | Identified the ring of Usiel {Ice Str+4 Slay+3}
 51817 | Depths:3 | Noticed Josephina
 51829 | Depths:2 | Killed Josephina
 51881 | Depths:3 | Reached XP level 23. HP: 92/184 MP: 38/38
 51970 | Depths:3 | Paralysed by something for 4 turns
 51974 | Depths:3 | Noticed an ancient lich
 52153 | Depths:3 | Killed an ancient lich
 52334 | Depths:3 | Found Afoozeur's Distillery.
 52423 | Depths:3 | Found a one-way gate to the infinite horrors of the Abyss.
 52439 | Depths:3 | Found Upywobis's Jewellery Shoppe.
 52604 | Depths:4 | Entered Level 4 of the Depths
 52710 | Depths:4 | Noticed a juggernaut
 52823 | Depths:4 | Killed a juggernaut
 52824 | Depths:4 | Reached skill level 5 in Hexes
 52946 | Depths:4 | Reached skill level 5 in Transmutations
 53056 | Depths:4 | Found a flickering gateway to a bazaar.
 53062 | Depths:4 | Noticed a juggernaut
 53065 | Bazaar   | Entered a bazaar
 53096 | Bazaar   | Found Taocak's Antique Armour Shoppe.
 53102 | Bazaar   | Bought pitted fire dragon scales for 1690 gold pieces
 53102 | Bazaar   | Identified the +1 fire dragon scales of Tess {rPois rF++
                  | rC- Will- Regen+} (You bought it in a shop in a bazaar)
 53118 | Bazaar   | Found Assesm's Antique Armour Shop.
 53122 | Bazaar   | Bought a dazzling helmet for 209 gold pieces
 53122 | Bazaar   | Identified the +2 helmet "Junifael" {+Blink rC- Dex+5} (You
                  | bought it in a shop in a bazaar)
 53122 | Bazaar   | Bought a pair of slimy gloves for 209 gold pieces
 53122 | Bazaar   | Identified the +1 pair of gloves of Jigsaw {rCorr Dex+4
                  | SInv} (You bought it in a shop in a bazaar)
 53122 | Bazaar   | Bought a polished ring mail for 198 gold pieces
 53122 | Bazaar   | Identified the +4 ring mail of Eternal Night {Fly rF++
                  | Regen+ Str-3} (You bought it in a shop in a bazaar)
 53169 | Bazaar   | Found Zawuimov's Antique Weapon Shoppe.
 53180 | Bazaar   | Found Wioghotu's Antique Armour Emporium.
 53221 | Depths:4 | Killed a juggernaut
 53712 | Depths:4 | Found a gate to the Realm of Zot.
 54299 | Slime:1  | Entered Level 1 of the Pits of Slime
 54381 | Slime:5  | Entered Level 5 of the Pits of Slime
 54518 | Slime:5  | Noticed the Royal Jelly
 54523 | Slime:5  | Killed the Royal Jelly
 54733 | Slime:5  | Identified the +11 longbow of the Golden God {freeze, *Slow
                  | Dex+5}
 54755 | Slime:5  | Got a slimy rune of Zot
 54759 | Slime:5  | Identified the +8 chain mail "Wothry" {Harm MP+9 Dex+2}
 54762 | Slime:5  | Identified the +1 leather armour of Pan-Flutes {+Blink
                  | rCorr Str+5}
 54773 | Slime:5  | Identified the +2 pair of boots "Ruoklu Kuaps" {rC++}
 54782 | Slime:5  | Identified the +1 robe of Purpose {*Slow Dex+5 Archmagi}
 54793 | Slime:5  | Identified the +3 scale mail of Autotheism {Dex+4}
 55171 | Zot:1    | Entered Level 1 of the Realm of Zot
 55240 | Zot:1    | Reached XP level 24. HP: 191/191 MP: 33/39
 55283 | Zot:1    | Identified the +3 robe "Sased" {-Tele rElec rPois Int+6
                  | Slay-2}
 55386 | Zot:1    | Identified the +0 scale mail of a ziggurat {rC- Dex+5}
 55619 | Zot:1    | Noticed an orb of fire
 55622 | Zot:1    | Noticed an orb of fire
 55648 | Zot:1    | Killed an orb of fire
 55940 | Zot:1    | Identified the +11 falchion "Omeiqif" {pain, Int+2 Dex+6}
 56147 | Zot:1    | Reached skill level 10 in Hexes
 56180 | Zot:1    | Found a candlelit altar of Ignis.
 56312 | Zot:1    | Killed an orb of fire
 56672 | Zot:2    | Reached skill level 10 in Transmutations
 56842 | Zot:2    | Found a transporter.
 56892 | Zot:2    | Found a transporter.
 57020 | Zot:2    | Noticed an orb of fire
 57029 | Zot:2    | Killed an orb of fire
 57162 | Zot:2    | Found a transporter.
 57168 | Zot:2    | Found a transporter.
 57779 | Zot:3    | Reached XP level 25. HP: 197/197 MP: 39/39
 57950 | Zot:3    | Noticed an orb of fire
 57966 | Zot:3    | Killed an orb of fire
 57967 | Zot:3    | Reached skill level 15 in Dodging
 58300 | Zot:4    | Noticed a Killer Klown
 58310 | Zot:4    | Killed a Killer Klown
 58333 | Zot:4    | Reached skill level 10 in Evocations
 58475 | Zot:4    | Found a stormy altar of Qazlal.
 59191 | Zot:5    | Entered Level 5 of the Realm of Zot
 59313 | Zot:5    | Noticed an orb of fire
 59335 | Zot:5    | Noticed a Killer Klown
 59346 | Zot:5    | Reached skill level 10 in Necromancy
 59352 | Zot:5    | Killed an orb of fire
 59373 | Zot:5    | Killed a Killer Klown
 59768 | Zot:5    | Noticed a dread lich
 60159 | Zot:5    | Killed a dread lich
 60160 | Zot:5    | Noticed a Killer Klown
 60160 | Zot:5    | Noticed an ancient lich
 60165 | Zot:5    | Killed an ancient lich
 60172 | Zot:5    | Noticed an ancient lich
 60173 | Zot:5    | Noticed a dread lich
 60177 | Zot:5    | Noticed an orb of fire
 60185 | Zot:5    | Noticed a Killer Klown
 60188 | Zot:5    | Killed a dread lich
 60191 | Zot:5    | Killed an orb of fire
 60194 | Zot:5    | Killed a Killer Klown
 60337 | Zot:5    | Noticed an orb of fire
 60337 | Zot:5    | Noticed a Killer Klown
 60345 | Zot:5    | Killed a Killer Klown
 60359 | Zot:5    | Killed an orb of fire
 60474 | Zot:5    | Noticed an orb of fire
 60487 | Zot:5    | Killed an orb of fire
 60487 | Zot:5    | Killed an ancient lich
 60563 | Zot:5    | Reached XP level 26. HP: 204/204 MP: 36/39
 60609 | Zot:5    | Noticed an ancient lich
 60609 | Zot:5    | Noticed an ancient lich
 60611 | Zot:5    | Noticed an orb of fire
 60619 | Zot:5    | Noticed an ancient lich
 60619 | Zot:5    | Killed an orb of fire
 60623 | Zot:5    | Noticed a dread lich
 60862 | Zot:5    | Killed an ancient lich
 60865 | Zot:5    | Killed a dread lich
 60905 | Zot:5    | Killed an ancient lich
 60982 | Zot:5    | Noticed a dread lich
 60992 | Zot:5    | Got the Orb of Zot
 61245 | D:15     | Noticed Ujaxag the pandemonium lord
 61479 | D:5      | Noticed Ikhlinex the pandemonium lord
 61522 | D:4      | Noticed Oxodu the pandemonium lord
 61589 | D:1      | gg
 61590 | D:$      | Escaped with the Orb!

Illustrated notes

.....# ###.##.# .#####
##.##.####### ## ###..##.##....#
# #...........#.#########
###########..#.....#............#
.........##.######.##..########.#
#.######.##..8.....8...# #...#
.............#.....#...# #.###
...###.......#..@..#..## #)#
.............#!....#..# #.#
...###.......8.....8..# #.# #.##
##.....##.######.# #.# #.#
####.)##.....#..# #.# #.#
##...........# ###.# ..#
###..######## #...# ### #..#
#...# ##..# #...#


Turn 61589 on D:1: gg

Levels and vault maps discovered:
D:1:      scummos_arrival_simple_crosswalls, layout_loops_ring
D:2:      layout_loops_corners, basic_altar
D:3:      layout_loops_ring, ebering_ghost_sewer_d, hex_medium,
          kennysheep_doodads
D:4:      layout_basic, gammafunk_ghost_split
D:5:      layout_gridville, grunt_temple_overflow_order_and_chaos_1,
          uniq_sigmund
D:6:      layout_cave_pools, temple_green, hangedman_glass_teeth,
          roadster_capsule_ark_zombie
D:7:      layout_layer_cave, lightli_temple_of_fire,
          mainiacjoe_ossuary_entry_find_the_door
D:8:      layout_loops_ring, mainiacjoe_overflow_tiny_flanked,
          david_lair_generic, st_stairs_2
D:9:      layout_roguey, zombieorc1_lemuel, uniq_jeremiah
D:10:     layout_roguey
D:11:     layout_cave_pods, grunt_gozag_statues
D:12:     gammafunk_boulding_lane, layout_basic
D:13:     minmay_ambush_box, layout_cave_pools
D:14:     layout_rooms, skrybe_vaults_entry_preservation,
          gammafunk_ghost_cemetery, serial_bayou_pond_e, uniq_azrael
D:15:     grunt_enter_depths_giant_problem, layout_loops_cross, minivault_25,
          nicolae_shop_overcharged_wands
Lair:1:   layout_chaotic_city, portal_ice_cave_rime,
          chequers_serial_rivers_micro_e, minivault_25, beast_lair_carwin_1
Lair:2:   layout_hall_layers, alex1729_swamp_entry_worm_eleionoma,
          gauntlet_entry_generic
Lair:3:   layout_roguey, alex1729_snake_entry_snake,
          cheibrodos_lair_caveside_slide
Lair:4:   layout_loops_ring, slime_entry_1
Lair:5:   minmay_lair_end_frog_pond, layout_cellular_growth,
          serial_bayou_shore_b
Swamp:1:  nicolae_swamp_wrong_neighborhood, layout_falls_marsh,
          ebering_ghost_funeral_grove, infiniplex_staircase_pool,
          nicolae_swamp_decorative_isthmus
Swamp:2:  layout_basic_swamp, ebering_ghost_rock_garden,
          evilmike_swamp_ruin_rubble_2, swamp_pool_1_2,
          nicolae_swamp_little_swirl, uniq_roxanne
Swamp:3:  layout_basic_swamp, evilmike_swamp_ruin_house_4, swamp_pool_5
Swamp:4:  swamp_vile, layout_basic_swamp
Snake:1:  layout_chambers, minmay_snake_pond
Snake:2:  layout_honeycomb, serial_shops, shop, ebering_ghost_gozag,
          statue_in_the_mist_lemuel, uniq_aizul, uniq_vashnia, uniq_louise
Snake:3:  layout_concentric_octagons, grunt_megastairs_4, serial_bayou_shore_b
Snake:4:  grunt_snake_rune_serpentine_throne, layout_cave_pods
Slime:1:  layout_caves, cheibrodos_slime_lost_civilization_6
Slime:2:  layout_caves, nicolae_slime_crime_time
Slime:3:  layout_caves
Slime:4:  layout_caves
Slime:5:  slime_pit_nicolae_royal_road_to_ruin
Orc:1:    layout_diamond_mine, ebering_ghost_inner_flame
Orc:2:    st_orc_open, layout_caves
Elf:1:    minmay_elf_arrival_plus, layout_onion_city, minmay_elf_annihilation,
          sword_in_stone
Elf:2:    elven_hall_of_blades_hangedman_alternative [nicolae_blade_tridents],
          layout_gridlike, serial_nicolae_subway, nicolae_sub_station_crystal,
          nicolae_sub_station_stone, nicolae_sub_station_metal
Vaults:1: nicolae_vaults_network_quincunx
          [nicolae_vaults_network_quincunx_subvault,
          nicolae_vaults_network_quincunx_subvault,
          nicolae_vaults_network_quincunx_subvault,
          nicolae_vaults_network_quincunx_subvault,
          nicolae_vaults_network_quincunx_subvault], vaults_room_door_hall,
          v_misc_5, nicolae_vaults_ninety_degrees, v_pattern_2,
          vaults_room_semicircle, nicolae_vaults_wine_cellar,
          nicolae_vaults_tetromino_L_1, nicolae_vaults_meeting,
          nicolae_vaults_bisected_slash, ontoclasm_vaults_ligature,
          layout_vaults_omnicross, serial_shops, nicolae_shop_statue_plus, shop,
          shop
Vaults:2: nicolae_vaults_closet_pinwheel_6, nicolae_vaults_trapezoid_3,
          nicolae_vaults_lightning_bolt, hangedman_vaults_stretched_pinwheel,
          grunt_vaults_swirl, vaults_room_fancy_cross,
          nicolae_vaults_halls_meeting, v_rooms_3,
          nicolae_vaults_sesquioval_fish, ontoclasm_vaults_fault,
          nicolae_vaults_storage_room_doors, serial_ice_g,
          nicolae_vaults_tetromino_Z_2, blue_anna_dwarven_crypt,
          layout_vaults_ring, serial_shops, shop
Vaults:3: grunt_vaults_trifunnel, ontoclasm_vaults_misaligned, v_rooms_1,
          nicolae_vaults_library_corner, nicolae_vaults_closet_pinwheel_2,
          vaults_dpeg_diagonal, ontoclasm_vaults_eye, vaults_room_door_ring,
          nicolae_vaults_trapezoid_layered, hangedman_vaults_corner,
          nicolae_vaults_closet_pinwheel_1, nicolae_vaults_tangram_2,
          hangedman_vaults_corner_blocks, layout_vaults_maze, serial_shops,
          bzr_firewalk
Vaults:4: nicolae_vaults_trapezoid_layered, nicolae_vaults_trapezoid_lopsided_2,
          v_rooms_6, ontoclasm_vaults_gateway, nicolae_vaults_house_2,
          nicolae_vaults_house_3, nicolae_vaults_weapon_check, v_alt_pattern_4,
          v_alt_pattern_3, v_misc_18, layout_vaults_omnigrid
Depths:1: minmay_eight_partial_circles, layout_basic, hangedman_coc_ice_floe,
          serial_shops, nicolae_diamond_shop, minmay_misc_feat_room,
          st_stairs_2, chequers_serial_rivers_room_b, hangedman_aviary
Depths:2: minmay_angry_zag, layout_long_grid, pan_entry,
          ebering_ghost_reflecting_pool, hellmouth_2, enter_trove_1,
          minmay_mirror_moons_of_madness, uniq_saint_roka
Depths:3: minmay_diamond_stairs, layout_cave_pools, enter_ziggurat_a,
          special_room [special_room_morgue], abyss_entry, serial_shops, shop,
          nicolae_shop_stone, shop, nicolae_shop_tiny_glass, hell_entry,
          evilmike_ruin_ashenzari, pan_entry, uniq_xtahua, uniq_josephina
Depths:4: evilmike_zot_entry_diamond, layout_basic,
          chequers_serial_rivers_marsh, hell_entry, abyss_entry, serial_shops,
          bzr_entry_water, grunt_ministairs_5, grunt_decor_cap, kb_rosetta
Zot:1:    regret_index_infernal_bastille, layout_cellular_growth,
          regret_index_zotdec_barnacled_simple
Zot:2:    layout_concentric_octagons, regret_index_zotdec_decaying_vile,
          st_stairs_4, st_small_dragon_hoard_3, nicolae_transporter_circle
Zot:3:    layout_misc_corridors, regret_index_zotdec_misc_clamp
Zot:4:    layout_cathedral_of_symmetry, regret_index_zotdec_twisting_globes
Zot:5:    layout_gridlike, st_stairs_9, regret_index_zotdec_plus,
          grunt_ministairs_10

Skill      XL: |  1  2  3  4  5  6  7  8  9 10 11 12 13 14 15 16 17 18 19 20 21 22 23 24 25 26 |
---------------+-------------------------------------------------------------------------------+-----
Necromancy     | 2 3 4 5 8 12 | 12.0
Stealth        | 2 |  2.0
Evocations     | 1 2 4 7 8 10 12 | 12.0
Spellcasting   | 6 7 8 10 11 12 | 12.0
Dodging        | 2 3 4 5 7 10 12 13 14 16 | 16.0
Ice Magic      | 3 5 8 12 14 15 | 15.1
Invocations    | 2 3 7 8 9 11 12 13 | 13.0
Fighting       | 5 6 8 9 10 12 13 14 15 16 | 16.0
Long Blades    | 4 6 7 8 10 12 13 14 16 | 16.0
Conjurations   | 3 |  3.0
Summonings     | 2 |  2.0
Shields        | 2 4 5 9 10 11 12 | 12.0
Armour         | 10 11 13 14 | 14.6
Hexes          | 3 8 10 | 10.0
Transmutations | 2 7 10 | 10.0

Action                     |  1- 3 |  4- 6 |  7- 9 | 10-12 | 13-15 | 16-18 | 19-21 | 22-24 | 25-27 || total
---------------------------+-------+-------+-------+-------+-------+-------+-------+-------+-------++-------
  Melee: Dagger            |    68 |    44 |    63 |       |       |       |       |       |       ||   175
         Club              |     2 |       |       |       |       |       |       |       |       ||     2
         Short sword       |    81 |       |       |       |       |       |       |       |       ||    81
         Whip              |    19 |       |       |       |       |       |       |       |       ||    19
         Trident           |     9 |    42 |    39 |       |     6 |       |       |       |       ||    96
         Scimitar          |       |       |   312 |   669 |  1181 |   271 |    33 |       |       ||  2466
         Staff             |       |       |       |       |       |    35 |       |       |       ||    35
         Double sword      |       |       |       |       |       |       |  1042 |  1285 |   404 ||  2731
  Throw: Dart              |       |       |       |     7 |     1 |       |       |       |       ||     8
   Cast: Sting             |     9 |       |     1 |     5 |       |       |       |       |       ||    15
         Vampiric Draining |     5 |    27 |    23 |    45 |    34 |       |       |       |       ||   134
         Kiss of Death     |     1 |       |       |       |       |       |       |       |       ||     1
         Ozocubu's Armour  |       |       |    25 |    50 |    28 |    12 |     9 |     3 |       ||   127
         Summon Ice Beast  |       |       |       |     8 |    20 |     2 |       |       |       ||    30
         Hailstorm         |       |       |       |       |    10 |       |     6 |    23 |       ||    39
         Simulacrum        |       |       |       |       |    22 |     7 |    52 |    53 |    36 ||   170
         Ozocubu's Refrige |       |       |       |       |     3 |   486 |    51 |     8 |       ||   548
         Yara's Violent Un |       |       |       |       |       |       |       |       |     4 ||     4
 Invoke: Slouch            |       |       |     2 |     8 |    11 |     2 |    20 |     7 |     8 ||    58
         Temporal Distorti |       |       |       |     6 |     1 |       |     2 |       |     1 ||    10
         Step From Time    |       |       |       |     1 |       |       |       |     3 |     3 ||     7
  Evoke: Wand              |       |     6 |     1 |    20 |    15 |     7 |     9 |     5 |    10 ||    73
         Tin of tremorston |       |       |       |     2 |     3 |     1 |     2 |       |       ||     8
         Lightning rod     |       |       |       |     1 |       |     2 |     8 |       |       ||    11
         Phantom mirror    |       |       |       |       |     1 |     1 |       |       |       ||     2
         Phial of floods   |       |       |       |       |       |       |       |     1 |       ||     1
    Use: Scroll            |     2 |     2 |     9 |     4 |    10 |     2 |    18 |     8 |    11 ||    66
   Stab: Sleeping          |     1 |     2 |    10 |     5 |     6 |       |       |       |       ||    24
         Distracted        |       |       |     1 |     1 |     8 |     1 |    14 |    53 |    21 ||    99
         Paralysed         |       |       |       |    15 |       |       |     2 |     1 |       ||    18
 Armour: Leather armour    |    97 |    62 |   195 |    93 |       |       |       |       |       ||   447
         Ring mail         |       |    41 |    60 |       |       |       |       |   202 |   137 ||   440
         Troll leather arm |       |       |       |   292 |   513 |   213 |    68 |       |       ||  1086
         Skin              |       |       |       |       |       |     5 |       |       |       ||     5
         Plate armour      |       |       |       |       |       |       |   607 |   443 |       ||  1050
  Dodge: Dodged            |   102 |    57 |   290 |   678 |  1601 |   652 |   860 |   675 |   286 ||  5201
  Block: Buckler           |       |    11 |   127 |   247 |   522 |   287 |   279 |       |       ||  1473
         Kite shield       |       |       |       |       |       |       |    49 |       |       ||    49
         Tower shield      |       |       |       |       |       |       |   697 |  1887 |   621 ||  3205

Table legend: (Time is in decaauts)
 A = Elapsed time spent in this place.
 B = Non-inter-level travel time spent in this place.
 C = Inter-level travel time spent in this place.
 D = Time resting spent in this place.
 E = Time spent auto-exploring this place.
 F = Levels seen in this place.
 G = Mean time per level.
                   A        B        C        D        E       F      G
               +--------+--------+--------+--------+--------+-----+--------+
         Total |  97805 |  88508 |   9297 |  11651 |  51692 |  57 | 1715.9 |
       Dungeon |  29170 |  25359 |   3811 |   3657 |  14912 |  15 | 1944.7 |
          Lair |  10853 |   9269 |   1584 |    285 |   6809 |   5 | 2170.6 |
         Swamp |   6989 |   6502 |    487 |   1422 |   3734 |   4 | 1747.2 |
     Snake Pit |  10621 |   9789 |    832 |   1788 |   6185 |   4 | 2655.2 |
    Slime Pits |    912 |    835 |     77 |     99 |      0 |   5 |  182.4 |
  Orcish Mines |   2606 |   2217 |    389 |     84 |   1519 |   2 | 1303.0 |
   Elven Halls |   4409 |   4262 |    147 |    783 |   2614 |   2 | 2204.5 |
        Vaults |   9647 |   9049 |    598 |    591 |   6196 |   4 | 2411.8 |
        Depths |   8694 |   7916 |    778 |    969 |   4012 |   4 | 2173.5 |
           Zot |   9836 |   9246 |    590 |   1065 |   4802 |   5 | 1967.2 |
         Abyss |    702 |    702 |      0 |      0 |    178 |   2 |  351.0 |
        Bazaar |    361 |    361 |      0 |      0 |    230 |   2 |  180.5 |
       Ossuary |    944 |    944 |      0 |    339 |    114 |   1 |  944.0 |
      Ice Cave |   1289 |   1289 |      0 |    378 |    175 |   1 | 1289.0 |
      Gauntlet |    767 |    767 |      0 |    188 |    209 |   1 |  767.0 |
               +--------+--------+--------+--------+--------+-----+--------+

Top non-repeatable levels by time:
     D:8: 3797 daAuts
 Snake:3: 3298 daAuts
  Lair:1: 3091 daAuts
     D:9: 3002 daAuts
Vaults:1: 2988 daAuts
 Snake:4: 2764 daAuts
   Zot:5: 2661 daAuts
Depths:2: 2628 daAuts
 Snake:1: 2523 daAuts
   Elf:2: 2493 daAuts
Depths:1: 2384 daAuts
     D:5: 2348 daAuts
   Zot:1: 2325 daAuts
Vaults:2: 2256 daAuts
Vaults:3: 2211 daAuts
